 Dungeon Crawl Stone Soup version 0.17.1-1-g73c8601 (webtiles) character file.

189 Larett the Insei (level 5, -1/29 HPs)
             Began as a Vine Stalker Monk on Dec 16, 2015.
             Was a Believer of Vehumet.
             Slain by Pikel
             ... wielding a +1 whip of flaming
              (4 damage)
             ... on level 4 of the Dungeon.
             The game lasted 00:08:08 (2438 turns).

Larett the Insei (Vine Stalker Monk)                Turns: 2438, Time: 00:08:08

Health: -1/29      AC:  5    Str: 14    XL:     5   Next: 68%
Magic:  0/15       EV: 13    Int: 10    God:    Vehumet [**....]
Gold:   190        SH:  0    Dex: 17    Spells: 2 memorised, 2 levels left

rFire  + . .     SeeInvis .       - Unarmed
rCold  x . .     Clarity  .     y - +2 robe
rNeg   . . .     SustAt   .     (no shield)
rPois  .         Gourm    .     (no helmet)
rElec  .         Spirit   +     o - +0 cloak
rCorr  .         Warding  .     (no gloves)
rMut   .         Stasis   .     (no boots)
MR     .....                    (no amulet)
Stlth  ++........               j - ring of fire
                                d - ring of magical power

@: not resistant to hostile enchantments, unstealthy
A: fangs 2, regeneration 1, magic shield, antimagic bite, no device heal 3, rot
immunity
a: Renounce Religion


You were on level 4 of the Dungeon.
You worshipped Vehumet.
Vehumet was pleased with you.
You were not hungry.

You visited 1 branch of the dungeon, and saw 4 of its levels.

You collected 190 gold pieces.

Inventory:

Hand Weapons
 e - a +0 dagger
 g - a +0 arbalest
 E - a +2 whip of freezing
Missiles
 c - 123 stones (quivered)
 u - 16 sling bullets
 v - 19 bolts of flame
 z - 29 arrows
 I - 10 arrows of dispersal
Armour
 o - a +0 cloak (worn)
 y - a +2 robe (worn)
 F - a +0 helmet
Jewellery
 d - a ring of magical power (left hand)
 j - a ring of fire (right hand)
 n - an uncursed ring of flight {unknown}
Scrolls
 h - 4 scrolls of remove curse {unknown}
 p - 2 scrolls of recharging {unknown}
 q - a scroll of identify {unknown}
 s - 2 scrolls of teleportation {unknown}
 w - 2 scrolls of enchant weapon
 x - a scroll of fear {unknown}
 B - 2 scrolls of random uselessness {unknown}
 D - a scroll of fog {unknown}
Potions
 a - a potion of heal wounds {unknown}
 f - 3 potions of curing {unknown}
 i - a potion of might {unknown}
 l - a potion of flight {unknown}
 m - 2 potions of degeneration {unknown}
 r - a potion of haste
 t - a potion of beneficial mutation {unknown}
 A - a potion of cure mutation {unknown}
 C - a potion of magic {unknown}
 H - a potion of brilliance {unknown}
Comestibles
 b - 2 bread rations
 k - 2 meat rations
 G - 7 chunks of flesh


   Skills:
 * Level 4.1 Fighting
 - Level 2.4 Dodging
 - Level 2.4 Stealth
 * Level 5.7 Unarmed Combat


You had 2 spell levels left.
You knew the following spells:

 Your Spells              Type           Power        Failure   Level  Hunger
a - Sting                 Conj/Pois      #...         38%         1    ##.....
b - Shock                 Conj/Air       #...         38%         1    ##.....


Dungeon Overview and Level Annotations

Branches:
Dungeon (4/15)
 Temple: D:4-7

Altars:
Fedhas
Okawaru
Trog
Vehumet
The Shining One

Annotations:
D:4 Pikel


Innate Abilities, Weirdness & Mutations

You have extremely sharp teeth.
Your natural rate of healing is unusually fast.
When hurt, damage is shared between your health and your magic reserves.
Your bite disrupts and absorbs the magic of your enemies.
Potions and wands cannot restore your health.
You are immune to rotting.


Message History

You hit Pikel. You bite Pikel, but do no damage.
Pikel is moderately wounded.
The slave hits you! The slave closely misses you.
Pikel hits you but does no damage.
You hit Pikel. You bite Pikel, but do no damage.
Pikel is moderately wounded.
The slave hits you but does no damage. The slave hits you.
The slave closely misses you. Pikel hits you but does no damage.
You hit Pikel. Your bite misses Pikel.
Pikel is heavily wounded.
The slave closely misses you. The slave hits you! The slave barely misses you.
You hit Pikel but do no damage. You bite Pikel, but do no damage.
Pikel is heavily wounded.
Pikel closely misses you. The slave hits you but does no damage.
The slave completely misses you. The slave hits you!
* * * LOW HITPOINT WARNING * * *
You hit Pikel. Your bite misses Pikel.
Pikel is heavily wounded.
Pikel hits you with a whip of flaming!
You die...

......##.#.#
#<####.#.#.
##.#.....#.# # ...#...
......####.#######
###.#...
.#................
.....#
.#..######.###### ###
###### .#..# #.# ...
.#..# #.# ..# .#..#
#.#######..# .#..#
#......@Kp.#
.#..######.....ppp..#
.#..##...#..รท.......##
.#..##.#.#.............
....##.#.#.........####
###[##.#.#.........#
..))##.#.#.#'#####.#
.#####.#.#.#.# .#
.#####.#...#.# .#


You could see Pikel and 4 slaves.

Vanquished Creatures
  Jessica (D:3)
  A worker ant (D:4)
  A hound skeleton (D:4)
  Robin (D:4)
  4 adders
  An ooze (D:1)
  An adder skeleton (D:4)
  5 worms
  3 giant geckos
  An orc (D:3)
  A ball python (D:2)
  10 goblins
  7 hobgoblins
  A quokka (D:4)
  9 bats
  2 giant cockroaches (D:1)
  2 giant newts (D:1)
  10 kobolds
  7 rats
68 creatures vanquished.

Notes
Turn   | Place    | Note
--------------------------------------------------------------
     0 | D:1      | Larett the Vine Stalker Monk began the quest for the Orb.
     0 | D:1      | Reached XP level 1. HP: 11/11 MP: 2/2
    57 | D:1      | Found a glowing golden altar of the Shining One.
   177 | D:1      | Reached XP level 2. HP: 5/16 MP: 0/3
   645 | D:1      | Reached XP level 3. HP: 20/20 MP: 4/4
  1034 | D:2      | Found a faded altar to an unknown god.
  1509 | D:2      | Reached XP level 4. HP: 24/24 MP: 5/5
  1541 | D:3      | Reached skill level 5 in Unarmed Combat
  1664 | D:3      | Noticed Jessica
  1675 | D:3      | Killed Jessica
  1783 | D:3      | Found a bloodstained altar of Trog.
  1815 | D:3      | Found a radiant altar of Vehumet.
  1819 | D:3      | Became a worshipper of Vehumet
  1819 | D:3      | Reached * piety under Vehumet
  1819 | D:3      | Offered knowledge of Sting by Vehumet.
  1819 | D:3      | Reached ** piety under Vehumet
  1822 | D:3      | Learned a level 1 spell: Sting
  1825 | D:3      | Found an iron altar of Okawaru.
  1828 | D:3      | Found a blossoming altar of Fedhas.
  1984 | D:3      | Offered knowledge of Shock by Vehumet.
  1991 | D:3      | Learned a level 1 spell: Shock
  2082 | D:4      | Reached XP level 5. HP: 29/29 MP: 6/6
  2224 | D:4      | Noticed Robin
  2250 | D:4      | Killed Robin
  2426 | D:4      | Noticed a slave
  2426 | D:4      | Noticed a slave
  2427 | D:4      | Noticed Pikel
  2429 | D:4      | Noticed a slave
  2431 | D:4      | Noticed a slave
  2438 | D:4      | Slain by Pikel

Action                   |  1- 3 |  4- 6 || total
-------------------------+-------+-------++-------
Melee: Dagger            |    37 |       ||    37
       Unarmed           |    84 |    94 ||   178
  Use: Potion            |     1 |       ||     1
       Scroll            |     1 |       ||     1
 Stab: Sleeping          |     7 |     4 ||    11
       Distracted        |       |     1 ||     1
  Eat: Chunk             |     2 |     3 ||     5
